 Dungeon Crawl Stone Soup version 0.30-a0-377-g5cb311bc9f (webtiles) character file.

Game seed: 16310157644138454514

84 Nofys the Vexing (level 4, -1/31 HPs)
             Began as a Spriggan Enchanter on Nov 27, 2022.
             Succumbed to Jessica's poison
             ... on level 2 of the Dungeon.
             The game lasted 00:02:26 (1254 turns).

Nofys the Vexing (Spriggan Enchanter)               Turns: 1254, Time: 00:02:26

Health: -1/31      AC: 22    Str:  1 (4)  XL:     4   Next: 24%
Magic:  11/11      EV:  4    Int: 13 (16) God:
Gold:   123        SH:  0    Dex: 14 (17) Spells: 3/11 levels left

rFire   + . .      SeeInvis +    a - +1 dagger
rCold   + . .      Faith    .    (no shield)
rNeg    . . .      Spirit   .    (body armour currently unavailable)
rPois   +          Reflect  .    (helmet currently unavailable)
rElec   +          Harm     .    (cloak currently unavailable)
rCorr   +          Rampage  .    (gloves unavailable)
Will    .....      NoTele   +    (boots unavailable)
Stlth   +++.......               (no amulet)
HPRegen 0.25/turn                (no ring)
MPRegen 0.12/turn                (no ring)

@: mighty, lethally poisoned (-1 -> -6), tree-form, resistant
A: stationary, stasis, torment immunity, boosted hp, very small, no large
weapons, unfitting armour, see invisible, (speed 3)
a: no special abilities


You were on level 2 of the Dungeon.
You were a tree.
You visited 1 branch of the dungeon, and saw 2 of its levels.

You collected 123 gold pieces.

Inventory:

Hand Weapons
 a - a +1 dagger (weapon)
Armour
 b - a +0 robe (melded)
Scrolls
 d - 2 scrolls of noise {unknown}
 e - a scroll of teleportation {unknown}
 f - 2 scrolls of enchant armour {unknown}
 g - a scroll of magic mapping {unknown}
 h - a scroll of fog {unknown}
 i - a scroll of brand weapon {unknown}
 n - a scroll of poison {unknown}
Potions
 c - 2 potions of invisibility
 o - a potion of heal wounds {unknown}


   Skills:
 - Level 1.1 Short Blades
 - Level 2.6 Dodging
 - Level 4.4 Stealth
 + Level 4.4 Spellcasting
 + Level 5.1 Hexes


You had 3 spell levels left.
You knew the following spells:

 Your Spells              Type           Power      Damage    Failure   Level
a - Ensorcelled Hibernat  Hex/Ice        18%        N/A       11%         2
b - Tukima's Dance        Hex            16%        N/A       8%          3
d - Confusing Touch       Hex            16%        N/A       8%          3

Your spell library contained the following spells:

 Spells                   Type           Power      Damage    Failure   Level
 Dazzling Flash           Conj/Hex       18%        N/A       22%         3


Dungeon Overview and Level Annotations

Branches:
Dungeon (2/15)

Altars:

Annotations:
D:2 Jessica


Innate Abilities, Weirdness & Mutations

You are a tree.
Your roots penetrate the ground, keeping you stationary.
You cannot be teleported.
You are immune to unholy pain and torment.
Your maximum health is greatly increased.
Your equipment is partially melded.
You are very small and have problems with some larger weapons.
You are too small for most types of armour.
You have supernaturally acute eyesight. (SInv)
((You cover ground extremely quickly. (Speed+++)))


Message History

You see here a +0 short sword.
You now have 113 gold pieces (gained 5).
f - 2 scrolls labelled YTSOS GOQYIZUDGH (gained 1)
You now have 123 gold pieces (gained 10).
Found an eveningstar.
An adder comes into view.
The helpless adder fails to defend itself.
You impale the adder!!
You kill the adder!
Found a stone staircase leading down.
Jessica the Apprentice Sorceress comes into view.
She is wielding a +2 dagger of venom.
Found a red potion.
Jessica shouts!
Jessica hits you with a +2 dagger of venom.
You are poisoned.
Unknown command.
You feel very sick. Jessica gestures at you while chanting.
Pain shoots through your body!
Unknown command.
It was a potion of resistance.
You feel protected.
You feel sick.
Unknown command.
It was a potion of might.
You feel very mighty all of a sudden.
* * * LOW HITPOINT WARNING * * *
You feel very sick.
Jessica hits you with a +2 dagger of venom.
* * * LOW HITPOINT WARNING * * *
Unknown command.
It was a potion of lignification.
You turn into a tree.
Your +0 robe melds into your body.
Your roots penetrate the ground.
* * * LOW HITPOINT WARNING * * *
You feel sick. Jessica barely misses you.
Unknown command.
It was a potion of degeneration.
There was something very wrong with that liquid.
You feel weakened.
You feel dopey.
You feel clumsy.
You die...

.. .# ### !. ... .#
#.# .# #.# .#
#######.# ###.#
#.......# #.@.#
#.......### #♣###
#.......... #.#
#.......###
##.######.......#
#.....#.........#
#.....#.#.......#
#.....#.####..###
##.....#.##....#####
#............#......
## #######
#.##.#...##..#......


You could see Jessica.

Vanquished Creatures
  3 adders (D:2)
  A dart slug (D:1)
  4 bats
  3 endoplasms
  3 giant cockroaches
  A goblin (D:1)
  2 jackals (D:2)
  4 kobolds
  A quokka (D:1)
  6 ball pythons
  2 frilled lizards (D:1)
  2 rats
32 creatures vanquished.

Vanquished Creatures (collateral kills)
  Terence (D:2)
1 creature vanquished.

Grand Total: 33 creatures vanquished

Notes
Turn   | Place    | Note
-------+----------+-------------------------------------------
     0 | D:1      | Nofys the Spriggan Enchanter began the quest for the Orb.
     0 | D:1      | Reached XP level 1. HP: 9/9 MP: 5/5
   196 | D:1      | Reached skill level 4 in Hexes
   196 | D:1      | Reached XP level 2. HP: 13/13 MP: 7/7
   200 | D:1      | Learned a level 2 spell: Ensorcelled Hibernation
   589 | D:1      | You fall into a shaft and drop 1 floor!
   647 | D:2      | Reached XP level 3. HP: 16/16 MP: 3/9
   651 | D:2      | Learned a level 3 spell: Tukima's Dance
   655 | D:2      | Learned a level 3 spell: Confusing Touch
   761 | D:2      | Noticed Terence
   772 | D:2      | Killed Terence
   868 | D:2      | Found a faded altar of an unknown god.
   877 | D:2      | Reached XP level 4. HP: 21/21 MP: 8/11
  1048 | D:2      | Reached skill level 5 in Hexes
  1247 | D:2      | Noticed Jessica
  1252 | D:2      | HP: 1/21 [Jessica/+2 dagger of venom (5)]
  1254 | D:2      | Succumbed to Jessica's poison

Illustrated notes

Levels and vault maps discovered:
D:1:      dpeg_arrival_ternary, layout_loops_ring
D:2:      layout_loops_cross, ebering_ecumenical_altar_rust, uniq_terence,
          uniq_jessica

Skill      XL: |  1  2  3  4 |
---------------+-------------+-----
Spellcasting   | 3 4 |  4.4
Hexes          | 4 5 |  5.1
Short Blades   | |  1.1
Dodging        | |  2.6
Stealth        | |  4.4

Action                   |  1- 3 |  4- 6 || total
-------------------------+-------+-------++-------
Melee: Dagger            |   108 |    21 ||   129
       Punch             |     1 |       ||     1
 Cast: Ensorcelled Hiber |     3 |       ||     3
       Tukima's Dance    |     1 |       ||     1
       Confusing Touch   |     1 |       ||     1
  Use: Potion            |       |     4 ||     4
 Stab: Sleeping          |     9 |     2 ||    11
       Confused          |     2 |       ||     2
Armor: Robe              |    14 |       ||    14
Dodge: Dodged            |    78 |    20 ||    98

Table legend: (Time is in decaauts)
 A = Elapsed time spent in this place.
 B = Non-inter-level travel time spent in this place.
 C = Inter-level travel time spent in this place.
 D = Time resting spent in this place.
 E = Time spent auto-exploring this place.
 F = Levels seen in this place.
 G = Mean time per level.
                   A        B        C        D        E       F      G
               +--------+--------+--------+--------+--------+-----+--------+
         Total |    882 |    882 |      0 |      0 |    641 |   2 |  441.0 |
       Dungeon |    882 |    882 |      0 |      0 |    641 |   2 |  441.0 |
               +--------+--------+--------+--------+--------+-----+--------+

Top non-repeatable levels by time:
     D:2: 477 daAuts
     D:1: 404 daAuts
